 Dungeon Crawl Stone Soup version 0.30-a0-694-g3340775977 (webtiles) character file.

Game seed: 14298997491425056166

49 braindead the Conjurer (level 3, 0/27 HPs)
             Began as a Demonspawn Reaver on Jan 20, 2023.
             Slain by an adder (2 damage)
             ... on level 2 of the Dungeon.
             The game lasted 00:04:50 (1762 turns).

braindead the Conjurer (Demonspawn Reaver)          Turns: 1762, Time: 00:04:50

Health: 0/27       AC:  3    Str: 14    XL:     3   Next: 53%
Magic:  6/6        EV: 12    Int: 14    God:
Gold:   71         SH:  0    Dex: 13    Spells: 5/6 levels left

rFire   . . .      SeeInvis .    a - +1 falchion
rCold   . . .      Faith    .    (no shield)
rNeg    . . .      Spirit   .    b - +0 leather armour
rPois   .          Reflect  .    (no helmet)
rElec   .          Harm     .    (no cloak)
rCorr   .          Rampage  .    (no gloves)
Will    .....                    (no boots)
Stlth   ++                       (no amulet)
HPRegen 0.24/turn                (no ring)
MPRegen 0.10/turn                (no ring)

@: lethally poisoned (0 -> -6), attractive
A: thin skeletal structure 1
a: no special abilities


You were on level 2 of the Dungeon.
You visited 1 branch of the dungeon, and saw 2 of its levels.

You collected 71 gold pieces.

Inventory:

Hand Weapons
 a - a +1 falchion (weapon)
Armour
 b - a +0 leather armour (worn)
Scrolls
 c - 2 scrolls of teleportation
 g - 2 scrolls of poison
 h - a scroll of identify
 i - a scroll of enchant armour {unknown}
Potions
 d - a potion of cancellation
 f - a potion of curing {unknown}
 l - a potion of magic {unknown}


   Skills:
 - Level 2.0 Fighting
 + Level 3.5 Long Blades
 + Level 2.1 Dodging
 - Level 2.0 Spellcasting
 + Level 3.5 Conjurations


You had 5 spell levels left.
You knew the following spells:

 Your Spells              Type           Power      Damage    Failure   Level
a - Kiss of Death         Conj/Necr      24%        2d7       14%         1

Your spell library contained the following spells:

 Spells                   Type           Power      Damage    Failure   Level
 Momentum Strike          Conj/Tloc      12%        3d8       22%         2
 Blink                    Tloc           2%         N/A       41%         2
 Lesser Beckoning         Tloc           2%         N/A       41%         2
 Hailstorm                Conj/Ice       6%         3d4       41%         3


Dungeon Overview and Level Annotations

Branches:
Dungeon (2/15)

Altars:


Innate Abilities, Weirdness & Mutations

You have a somewhat thin skeletal structure. (Dex +2, Stealth+)


Message History

You barely miss the adder.
The adder is heavily wounded.
The adder bites you.
You are poisoned.
The adder poisons you! The adder bites you but does no damage.
You barely miss the adder.
The adder is heavily wounded.
You feel sick. The adder closely misses you.
You closely miss the adder.
The adder is heavily wounded.
You feel sick. The adder bites you but does no damage.
You closely miss the adder.
The adder is heavily wounded.
You feel sick.
You are no longer poisoned.
The adder bites you but does no damage. The adder closely misses you.
You closely miss the adder.
The adder is heavily wounded.
The adder barely misses you.
Unknown command.
You hit the adder.
The adder is severely wounded.
The adder bites you. x2
* * * LOW HITPOINT WARNING * * *
You are poisoned.
The adder poisons you!
Unknown command.
You hit the adder.
The adder is almost dead.
You feel sick. The adder bites you.
* * * LOW HITPOINT WARNING * * *
You are lethally poisoned!
The adder poisons you!
Unknown command.
Okay, then.
It was a potion of attraction.
You feel attractive to monsters.
* * * LOW HITPOINT WARNING * * *
You feel sick. The adder bites you.
You die...

#.#.###.# #.#...#.#
#.##. #.......#
#.##.##.# #.##. ####
###.##### #.......#
#.... ...#####.#
####.#### ####.
.........#
#.......#******##
.#.#######
#.##.##.#,,,,,,* ##.#
#######>##.##.#,****,*
##.# #.......##.##.#,*
*,* ##.#
#.####@.......#,* *,*
...#
*,*###S###.####,****,**
####
*,*#..g.......,,*,,,,,,
*,*#.#.###.###***,**,**
#.............* *,**,,*
#..###........* *,***,*
****##.* #........*
*,***,*
*,,,,.,**#...[....*
*,,,,,,
*,*,#*,,,.........*
*****,*


You could see an adder and a goblin.

Vanquished Creatures
  An adder (D:2)
  2 dart slugs (D:1)
  An endoplasm (D:1)
  6 giant cockroaches
  A hobgoblin (D:2)
  4 kobolds
  4 quokkas
  A ball python (D:1)
  5 bats
  2 frilled lizards
  8 rats
35 creatures vanquished.

Notes
Turn   | Place    | Note
-------+----------+-------------------------------------------
     0 | D:1      | braindead the Demonspawn Reaver began the quest for the
                  | Orb.
     0 | D:1      | Reached XP level 1. HP: 16/16 MP: 3/3
   121 | D:1      | Gained mutation: You have a somewhat thin skeletal
                  | structure. (Dex +2, Stealth+) [demonic ancestry]
   121 | D:1      | Reached XP level 2. HP: 22/22 MP: 5/5
  1276 | D:2      | Reached XP level 3. HP: 15/27 MP: 6/6
  1762 | D:2      | Slain by an adder

Illustrated notes

Levels and vault maps discovered:
D:1:      dpeg_arrival_prison, layout_basic, minmay_misc_feat_cross
D:2:      layout_loops_cross, corexii_hall_statues_i

Skill      XL: |  1  2 |
---------------+-------+-----
Long Blades    | 3 |  3.5
Dodging        | 2 |  2.1
Fighting       | |  2.0
Spellcasting   | |  2.0
Conjurations   | |  3.5

Action                   || total
-------------------------++-------
Melee: Falchion          ||   137
       Punch             ||     2
  Use: Scroll            ||     8
       Potion            ||     1
 Stab: Sleeping          ||     4
Armor: Leather armour    ||    41
Dodge: Dodged            ||   101

Table legend: (Time is in decaauts)
 A = Elapsed time spent in this place.
 B = Non-inter-level travel time spent in this place.
 C = Inter-level travel time spent in this place.
 D = Time resting spent in this place.
 E = Time spent auto-exploring this place.
 F = Levels seen in this place.
 G = Mean time per level.
                   A        B        C        D        E       F      G
               +--------+--------+--------+--------+--------+-----+--------+
         Total |   1780 |   1741 |     39 |     62 |   1314 |   2 |  890.0 |
       Dungeon |   1780 |   1741 |     39 |     62 |   1314 |   2 |  890.0 |
               +--------+--------+--------+--------+--------+-----+--------+

Top non-repeatable levels by time:
     D:1: 1131 daAuts
     D:2: 649 daAuts
